 Dungeon Crawl Stone Soup version 0.24.0-125-gc4c63601f3 (webtiles) character file.

Game seed: 1525682191161436639, levelgen mode: deterministic

941 Peloso the Slasher (level 7, -1/61 HPs)
             Began as a Minotaur Fighter on Mar 14, 2020.
             Slain by an orc wizard
             ... wielding a +2 dagger of electrocution
              (19 damage)
             ... on level 4 of the Dungeon.
             The game lasted 00:07:44 (3426 turns).

Peloso the Slasher (Minotaur Fighter)               Turns: 3426, Time: 00:07:44

Health: -1/61      AC:  9    Str: 21    XL:     7   Next: 88%
Magic:  6/6        EV:  9    Int:  5    God:
Gold:   178        SH: 11    Dex: 11    Spells: 6/6 levels left

rFire    . . .     SeeInvis .   a - +0 long sword
rCold    . . .     Gourm    .   c - +1 shield
rNeg     . . .     Faith    .   b - +0 scale mail
rPois    .         Spirit   .   (helmet restricted)
rElec    .         Reflect  .   (no cloak)
rCorr    .         Harm     .   (no gloves)
MR       .....                  (no boots)
Stlth    ..........             (no amulet)
HPRegen  0.20/turn              e - +2 ring of protection
MPRegen  0.10/turn              (no ring)

@: no status effects
A: retaliatory headbutt, horns 2
a: no special abilities


You were on level 4 of the Dungeon.
You were hungry.

You visited 1 branch of the dungeon, and saw 6 of its levels.
You also visited: Ossuary.

You collected 178 gold pieces.

Inventory:

Hand Weapons
 a - a +0 long sword (weapon)
Armour
 b - a +0 scale mail (worn)
 c - a +1 shield (worn)
Jewellery
 e - a +2 ring of protection (left hand)
 r - a +2 ring of dexterity {unknown}
Scrolls
 d - a scroll of teleportation
 g - 2 scrolls of blinking
 h - 2 scrolls of remove curse
 i - a scroll of holy word {unknown}
 m - a scroll of random uselessness {unknown}
 n - a scroll of identify
 o - a scroll of enchant weapon {unknown}
 q - a scroll of amnesia {unknown}
Potions
 j - a potion of heal wounds
 k - a potion of resistance {unknown}
 l - a potion of curing
 p - a potion of ambrosia {unknown}
Comestibles
 f - 11 rations


   Skills:
 + Level 5.4 Fighting
 + Level 6.6 Long Blades
 + Level 6.4 Armour
 + Level 2.1 Dodging
 + Level 0.5 Stealth
 + Level 6.1 Shields


You had 6 spell levels left.
You didn't know any spells.
Your spell library was empty.

Dungeon Overview and Level Annotations

Branches:
Dungeon (6/15)            Ossuary (visited)
 Temple: D:4-7

Altars:
Ashenzari
Uskayaw
Wu Jian
Yredelemnul

Shops:
D:5 =

Annotations:
D:4 2 transporters, Mehrunes's ghost, amateur DsFi


Innate Abilities, Weirdness & Mutations

You reflexively headbutt those who attack you in melee.
You have a pair of horns on your head.


Message History

The orc wizard points at you and mumbles some strange words.
The magic dart hits something!
You block something's attack.
An orc comes into view. It is wielding a +0 dagger.
You completely miss something. Something hits you but does no damage.
You miss something. Something hits you.
You hit something but do no damage. You headbutt something!
Reactivating autopickup.
You feel a bit more experienced.
You barely miss the orc wizard. The orc wizard barely misses you.
You slash the orc wizard! Your headbutt misses the orc wizard.
The orc wizard is almost dead.
The orc wizard mumbles some strange words.
The orc wizard flickers and vanishes!
Deactivating autopickup; reactivate with Ctrl-A.
You closely miss something. Your headbutt misses something.
Something hits you but does no damage.
You are electrocuted!
Something hits you.
* * * LOW HITPOINT WARNING * * *
You are electrocuted!!
You die...

## ......# #. .....#
.. ..... #.# ##o.# #.#
##...### #.# ##......#
##.## ##.<...###
#####...####......#
........@{ooo........
#####...####..######..
##.## #..### . #.#
#.... .. #.# ##....#
.... #.# #...### #....
#.# #...####....# #.#
#........... #.#
#.#.........


You could see 3 orcs.

Vanquished Creatures
  3 ogres
  2 crimson imps (D:5)
  6 centaur zombies (Ossuary)
  2 orc priests (D:4)
  3 hounds
  An iguana (D:5)
  An orc wizard (D:4)
  A worker ant (D:5)
  A hound skeleton (D:5)
  6 mummies (Ossuary)
  4 adders
  A shadow imp (D:5)
  2 oozes (D:1)
  An adder skeleton (D:4)
  2 worms (D:2)
  2 leopard geckos
  6 orcs
  4 giant cockroaches
  6 goblins
  2 hobgoblins (D:1)
  4 jackals (D:1)
  8 kobolds
  A ball python (D:1)
  5 bats
  6 frilled lizards
  3 hobgoblin zombies (Ossuary)
  A leopard gecko skeleton (D:4)
  7 rats
91 creatures vanquished.

Notes
Turn   | Place    | Note
-------+----------+-------------------------------------------
     0 | D:1      | Peloso the Minotaur Fighter began the quest for the Orb.
     0 | D:1      | Reached XP level 1. HP: 19/19 MP: 0/0
    63 | D:1      | Reached XP level 2. HP: 27/27 MP: 1/1
   202 | D:1      | Reached XP level 3. HP: 22/33 MP: 2/2
   778 | D:2      | Reached XP level 4. HP: 37/40 MP: 3/3
  1384 | D:3      | You fall into a shaft and drop 3 floors!
  1390 | D:5      | Entered Level 5 of the Dungeon
  1391 | D:5      | Found a basalt altar of Yredelemnul.
  1405 | D:5      | Found Juzugaf's Jewellery Boutique.
  1405 | D:5      | Noticed an ogre
  1417 | D:5      | Killed an ogre
  1417 | D:5      | Reached skill level 1 in Dodging
  1417 | D:5      | Reached skill level 5 in Shields
  1417 | D:5      | Reached XP level 5. HP: 15/47 MP: 4/4
  1460 | D:5      | Found a shattered altar of Ashenzari.
  1472 | D:5      | Reached XP level 6. HP: 10/53 MP: 5/5
  1474 | D:5      | Reached skill level 5 in Long Blades
  1627 | D:5      | Found a sand-covered staircase.
  1633 | Ossuary  | Entered an ossuary
  2065 | Ossuary  | Reached skill level 5 in Fighting
  2065 | Ossuary  | Reached skill level 5 in Armour
  2068 | Ossuary  | Reached XP level 7. HP: 15/61 MP: 6/6
  2684 | D:5      | Found a hide-covered altar of Uskayaw.
  2797 | D:4      | Found a transporter.
  2798 | D:4      | Noticed Mehrunes's ghost (amateur DsFi)
  2800 | D:4      | Identified the +4 great mace of Compassion {crush, Str+4
                  | Int+4 SInv Stlth+}
  2806 | D:4      | Found a transporter.
  3253 | D:4      | Found an ornate altar of the Wu Jian Council.
  3426 | D:4      | Slain by an orc wizard

Levels and vault maps discovered:
D:1:      enne_arrival_octagon_isle, layout_loops_ring, grunt_decor_resistance
D:2:      layout_basic, item_on_display_a
D:3:      lemuel_upstairs_altar, layout_basic, lemuel_crystal_altar
D:4:      layout_loops_corners, nicolae_overflow_crystal_walls,
          lemuel_round_altar, kennysheep_mini, first_ration,
          gammafunk_ghost_smash, hangedman_decor_growths,
          kennysheep_opposing_triangles, uniq_ijyb
D:5:      layout_cave_pools, ashenzari_altar_1, eat_drink_and_be_merry_uskayaw,
          nicolae_ossuary_entry_plus, serial_shops, nicolae_shop_statue_plus,
          yredelemnul_altar_generic
D:6:      layout_cave_pods, zin_scriptorium, ebering_ghost_xom

Skill      XL: |  1  2  3  4  5  6  7 |
---------------+----------------------+-----
Fighting       | 4 5 |  5.4
Armour         | 4 5 6 |  6.4
Shields        | 4 5 6 |  6.1
Long Blades    | 3 4 5 6 |  6.6
Dodging        | 1 2 |  2.1
Stealth        | |  0.5

Action                   |  1- 3 |  4- 6 |  7- 9 || total
-------------------------+-------+-------+-------++-------
Melee: Long sword        |    69 |    90 |    79 ||   238
       Headbutt          |    11 |    20 |    20 ||    51
  Use: Potion            |       |     2 |     5 ||     7
       Scroll            |       |     6 |     2 ||     8
  Eat: Chunk             |       |     3 |     1 ||     4
       Ration            |       |       |     1 ||     1
Armor: Scale mail        |    48 |    44 |    29 ||   121
Dodge: Dodged            |    31 |    33 |    26 ||    90
Block: Shield            |    52 |    64 |    40 ||   156
       Rpst.: Long sword |    10 |    11 |     9 ||    30
